 Dungeon Crawl Stone Soup version 0.31-a0-325-g067879e3d3 (webtiles) character file.

Game seed: 13702553637481982284

61 cforsyth the Changeling (level 3, -3/28 HPs)
             Began as a Vampire Shapeshifter on July 18, 2023.
             Slain by an orc priest
             ... wielding a +1 trident of venom
              (7 damage)
             ... on level 3 of the Dungeon.
             The game lasted 00:01:31 (1203 turns).

cforsyth the Changeling (Vampire Shapeshifter)      Turns: 1203, Time: 00:01:32

Health: -3/28      AC:  2    Str: 16    XL:     3   Next: 83%
Magic:  3/3        EV: 12    Int: 10    God:
Gold:   43         SH:  0    Dex: 14    Spells: 2/2 levels left

rFire   . .          .
                       - Unarmed
rCold   . . .        (no shield)
rNeg    . . .        a - +0 animal skin
rPois   .            (helmet currently unavailable)
rElec   .            (cloak currently unavailable)
rCorr   .            (gloves currently unavailable)
SInv    +            (boots currently unavailable)
Will    .....        (no amulet)
Stlth   +            (no ring)
HPRegen 0.44/turn    (no ring)
MPRegen 0.08/turn

%: no passive effects
@: lethally poisoned (-3 -> -3), beast-form, healing quickly
A: beast (slay +2), alive, fangs 3, see invisible, vampiric 2
a: Exsanguinate, Begin Untransformation


You were on level 3 of the Dungeon.
You were a hulking beast.
You visited 1 branch of the dungeon, and saw 3 of its levels.

You collected 43 gold pieces.

Inventory:

Armour
 a - a +0 animal skin (worn)
 k - a +0 helmet
Jewellery
 h - a +4 ring of protection
Talismans
 c - a beast talisman
Scrolls
 e - 4 scrolls of identify {unknown}
 j - a scroll of teleportation {unknown}
Potions
 b - a potion of lignification
 d - 2 potions of haste {unknown}
 f - a potion of degeneration {unknown}
 g - a potion of might {unknown}
 i - a potion of curing {unknown}


   Skills:
 + Level 2.6 Fighting
 - Level 2.1 Dodging
 + Level 3.1 Unarmed Combat
 + Level 3.8 Shapeshifting


You had 2 spell levels left.
You didn't know any spells.
Your spell library contained the following spells:

 Spells                   Type           Power      Damage    Failure   Level
 Static Discharge         Conj/Air       0%         2-2/arc   50%         2
 Wereblood                Tmut           0%         N/A       50%         2
 Mephitic Cloud           Conj/Pois/Air  0%         N/A       75%         3
 Airstrike                Air            0%         2d(0-16)  98%         4
 Petrify                  Tmut/Erth      0%         N/A       98%         4
 Summon Lightning Spire   Summ/Air       0%         N/A       98%         4
 Irradiate                Conj/Tmut      0%         3d11      100%        5
 Yara's Violent Unravell  Hex/Tmut       0%         3d3       100%        5


Dungeon Overview and Level Annotations

Branches:
Dungeon (3/15)

Altars:


Innate Abilities, Weirdness & Mutations

You are a hulking beast.
Your limbs bulge with bestial killing power. (Slay +2)
Your natural rate of healing is accelerated.
You have razor-sharp teeth.
You have supernaturally acute eyesight. (SInv)
You are afflicted with vampirism and can become a bat while bloodless.


Message History

Things that are here:
a +0 whip; a +0 leather armour You hit the orc priest but do no damage.
You feel very sick. The orc priest barely misses you.
You hit the orc priest but do no damage.
You feel sick.
The orc priest begins to cast a cantrip, but forgets the words!
You hit the orc priest but do no damage.
You feel sick.
The orc priest casts a cantrip, but nothing happens.
You hit the orc priest but do no damage.
You feel sick. The orc priest barely misses you.
You hit the orc priest.
You punch the orc priest, but do no damage.
The orc priest is lightly wounded.
You feel sick.
The orc priest hits you with a +1 trident of venom!
* * * LOW HITPOINT WARNING * * *
You are too injured to fight recklessly!
You are too injured to fight recklessly!
You are too injured to fight recklessly!
You are too injured to fight recklessly!
You are too injured to fight recklessly!
You are too injured to fight recklessly!
You are too injured to fight recklessly!
You are too injured to fight recklessly!
You barely miss the orc priest.
The orc priest is lightly wounded.
You feel sick. The orc priest misses you.
Unknown command.
You closely miss the orc priest. Your bite misses the orc priest.
The orc priest is lightly wounded.
You feel sick. The orc priest closely misses you.
Unknown command.
You barely miss the orc priest.
The orc priest is lightly wounded.
You feel sick.
The orc priest hits you with a +1 trident of venom!
You die...

#######
#..o..# #h#
#.# #.# #.#
#.# #.#
#.#########
#........<#
###########


You could see an orc priest.

Vanquished Creatures
  An adder (D:2)
  4 dart slugs
  An orc (D:3)
  2 ball pythons
  4 bats
  2 endoplasms (D:1)
  3 giant cockroaches
  5 goblins
  4 hobgoblins
  4 quokkas
  2 frilled lizards
  5 kobolds
  4 rats (D:1)
41 creatures vanquished.

Notes
Turn   | Place    | Note
-------+----------+-------------------------------------------
     0 | D:1      | cforsyth the Vampire Shapeshifter began the quest for the
                  | Orb.
     0 | D:1      | Reached XP level 1. HP: 16/16 MP: 1/1
   158 | D:1      | Reached XP level 2. HP: 20/22 MP: 2/2
   164 | D:1      | Got the Anthology of Tainted Teratogeny
   481 | D:2      | Gained mutation: You are afflicted with vampirism and can
                  | become a bat while bloodless. [Vampire growth]
   481 | D:2      | Reached XP level 3. HP: 28/28 MP: 3/3
   702 | D:2      | Found a faded altar of an unknown god.
  1203 | D:3      | Slain by an orc priest

Illustrated notes

Levels and vault maps discovered:
D:1:      kennysheep_arrival_forest, layout_rooms
D:2:      layout_loops_cross, basic_altar, shapermc_ecumenical_altar_venn
D:3:      layout_basic, hangedman_abyss_or_decor_lesser_grid

Skill      XL: |  1  2  3 |
---------------+----------+-----
Fighting       | 2 |  2.6
Unarmed Combat | 3 |  3.1
Dodging        | |  2.1
Shapeshifting  | |  3.8

Action                     || total
---------------------------++-------
  Melee: Unarmed           ||   108
         Bite              ||     9
         Punch             ||     5
   Stab: Sleeping          ||     2
 Armour: Animal skin       ||    16
  Dodge: Dodged            ||    44

Table legend: (Time is in decaauts)
 A = Elapsed time spent in this place.
 B = Non-inter-level travel time spent in this place.
 C = Inter-level travel time spent in this place.
 D = Time resting spent in this place.
 E = Time spent auto-exploring this place.
 F = Levels seen in this place.
 G = Mean time per level.
                   A        B        C        D        E       F      G
               +--------+--------+--------+--------+--------+-----+--------+
         Total |   1197 |   1133 |     64 |      0 |    893 |   3 |  399.0 |
       Dungeon |   1197 |   1133 |     64 |      0 |    893 |   3 |  399.0 |
               +--------+--------+--------+--------+--------+-----+--------+

Top non-repeatable levels by time:
     D:2: 705 daAuts
     D:1: 466 daAuts
     D:3: 26 daAuts
